 Dungeon Crawl Stone Soup version 0.30-a0-959-g3818848631 (webtiles) character file.

Game seed: 15525674907649336094

6218 Descartes the Trooper (level 10, -1/79 HPs)
             Began as a Vine Stalker Fighter on Mar 30, 2023.
             Was an Initiate of Gozag.
             Slain by a white ugly thing (12 damage)
             ... on level 9 of the Dungeon.
             The game lasted 00:20:14 (7374 turns).

Descartes the Trooper (Vine Stalker Fighter)        Turns: 7374, Time: 00:20:15

Health: -1/79      AC:  7    Str: 22    XL:     10   Next: 92%
Magic:  0/20       EV:  6    Int:  8    God:    Gozag
Gold:   1030       SH: 16    Dex: 21    Spells: 21/21 levels left

rFire   + + +      SeeInvis .    B - +3 long sword of Duly {drain, *Rage Fly rPois rF+}
rCold   + . .      Faith    .    U - +0 tower shield
rNeg    . . .      Spirit   +    D - +0 scale mail {rPois}
rPois   +          Reflect  .    (no helmet)
rElec   .          Rampage  .    t - scarf {rC+ rF+}
rCorr   .          Rage     20%  (no gloves)
Will    +....                    (no boots) Stlth
                                 (no amulet)
HPRegen 1.13/turn                g - +6 ring of dexterity
MPRegen 0.17/turn                R - ring of protection from fire

@: berserking (expiring), gold aura, flying, very quick
A: fangs 3, regeneration 1, magic shield, antimagic bite, no potion heal 2
a: Renounce Religion, Potion Petition, Call Merchant, Bribe Branch


You were on level 9 of the Dungeon.
You worshipped Gozag.
Gozag was most pleased with you.
You visited 2 branches of the dungeon, and saw 10 of its levels.
You also visited: Sewer and Ossuary.

You collected 1171 gold pieces.
You paid 141 gold pieces to Gozag.

Inventory:

Hand Weapons
 s - a +2 whip of flaming
 x - a +1 heavy trident
 B - the +3 long sword of Duly (weapon) {drain, *Rage Fly rPois rF+}
   (You found it on level 4 of the Dungeon)

   rF:        It protects you from fire.
   rPois:     It protects you from poison.
   Fly:       It grants you flight.
   *Rage:     It berserks you when you make melee attacks (+20% chance).
 L - a +5 spear
Missiles
 n - 36 poisoned darts (quivered)
 o - 13 boomerangs
 v - 4 curare-tipped darts
 y - 6 atropa-tipped darts
 H - a throwing net
Armour
 e - a +1 cloak of stealth
 t - a scarf of resistance (worn)
 D - a +0 scale mail of poison resistance (worn)
 F - a +2 robe of willpower
 J - a +1 robe of cold resistance
 U - a +0 tower shield (worn)
Magical Staves
 l - a staff of fire
Jewellery
 g - a +6 ring of dexterity (left hand)
 R - a ring of protection from fire (right hand)
Wands
 c - a wand of flame (17)
 d - a wand of acid (6)
 G - a wand of iceblast (10)
 N - a wand of mindburst (28)
 Q - a wand of charming (10)
Scrolls
 a - 2 scrolls of amnesia
 f - a scroll of poison
 j - a scroll of summoning
 k - 2 scrolls of fear {unknown}
 r - 2 scrolls of noise
 u - 5 scrolls of teleportation
 C - a scroll of enchant weapon
 M - 3 scrolls of identify
 O - a scroll of enchant armour
 P - a scroll of vulnerability {unknown}
 S - a scroll of blinking
Potions
 h - 2 potions of might
 i - 6 potions of heal wounds
 m - 5 potions of lignification {unknown}
 p - 4 potions of ambrosia {unknown}
 q - 2 potions of attraction {unknown}
 w - 5 potions of curing
 z - 3 potions of degeneration {unknown}
 A - a potion of mutation {unknown}
 E - 2 potions of flight
 K - 2 potions of berserk rage {unknown}
 T - a potion of invisibility {unknown}


   Skills:
 + Level 6.8 Fighting
 - Level 5.0 Long Blades
 - Level 3.3 Axes
 + Level 6.2 Armour
 + Level 6.7 Shields
 + Level 6.0 Spellcasting
 + Level 5.8 Evocations


You had 21 spell levels left.
You didn't know any spells.
Your spell library contained the following spells:

 Spells                   Type           Power      Damage    Failure   Level
 Lesser Beckoning         Tloc           4%         N/A       100%        2
 Gell's Gravitas          Tloc           2%         N/A       100%        3
 Ozocubu's Armour         Ice            2%         N/A       100%        3
 Teleport Other           Tloc           2%         N/A       100%        3
 Tukima's Dance           Hex            2%         N/A       100%        3
 Passage of Golubria      Tloc           2%         N/A       100%        4
 Yara's Violent Unravell  Hex/Tmut       1%         3d3       100%        5
 Ozocubu's Refrigeration  Ice            1%         4d7       100%        7


Dungeon Overview and Level Annotations

Branches:
Dungeon (9/15)             Temple (1/1) D:6           Sewer (visited)
Ossuary (visited)
   Lair: D:8-11         Orc: D:9-12

Altars:
Ashenzari
Cheibriados
Dithmenos
Elyvilon
Fedhas
Gozag
Hepliaklqana
Kikubaaqudgha
Makhleb
Nemelex Xobeh
Okawaru
Qazlal
Ru
Sif Muna
Trog
Uskayaw
Vehumet
Wu Jian
Xom
Yredelemnul
Zin
The Shining One


Innate Abilities, Weirdness & Mutations

You have razor-sharp teeth.
Your natural rate of healing is unusually fast.
When hurt, damage is shared between your health and your magic reserves.
Your bite disrupts and absorbs the magic of your enemies.
Potions cannot restore your health.


Message History

Your bite misses the white ugly thing.
The white ugly thing is lightly wounded.
The killer bee is no longer distracted by gold.
You block the white ugly thing's attack.
A wraith comes into view.
The centaur warrior unwields a +0 longbow.
The centaur warrior hits you. You block the centaur warrior's attack.
You hit the white ugly thing.
The white ugly thing is moderately wounded.
You block the white ugly thing's attack.
The centaur warrior hits you but does no damage.
You block the centaur warrior's attack.
You slash the white ugly thing!
The white ugly thing is moderately wounded.
You block the centaur warrior's attack. x2
You block the white ugly thing's attack.
Unknown command.
You slash the white ugly thing! Your bite misses the white ugly thing.
The white ugly thing is heavily wounded.
The centaur warrior barely misses you. You block the centaur warrior's attack.
The white ugly thing trunk-slaps you but does no damage.
The centaur warrior hits you but does no damage.
You block the centaur warrior's attack.
You closely miss the white ugly thing.
The white ugly thing is heavily wounded.
You block the centaur warrior's attack. x2
The white ugly thing trunk-slaps you! The white ugly thing freezes you!
You resist.
* * * LOW HITPOINT WARNING * * *
Unknown command.
You slash the white ugly thing!
You bite the white ugly thing, but do no damage.
The white ugly thing is severely wounded.
The centaur warrior hits you!
* * * LOW HITPOINT WARNING * * *
You block the centaur warrior's attack. The white ugly thing trunk-slaps you.
* * * LOW HITPOINT WARNING * * *
The white ugly thing freezes you! You resist.
You die...
Your body crumbles into a pile of gold.

............## ...
###.###..#...####...#
... ##..##........#
### ##..##..###..# $
##.##..#
#.######.#..##
.u.....#.#..# $
###:#####..#.##
....Wyc@u#...#
###.######..## $
#...# #..#..#
#..##...# #..# .#...
##. .#.... ## ## ....
.###


You could see a white ugly thing (drained), a centaur warrior, a wraith and a
killer bee.

Vanquished Creatures
  Pikel (D:6)
  A cyclops (D:9)
  A hornet (D:7)
  Grinder (D:4)
  Prince Ribbit (D:5)
  Sigmund (D:5)
  A wyvern (D:8)
  2 wraiths (Ossuary)
  4 steam dragons
  Duvessa (D:5)
  An acid dragon (D:6)
  4 ice beasts
  2 sky beasts (D:7)
  2 orc warriors
  2 black bears
  2 lemures (D:6)
  2 phantoms
  3 kobold brigands
  5 bullfrogs
  8 scorpions
  Dowan (D:5)
  7 wights
  A howler monkey (D:4)
  3 hounds
  2 gnoll boudas
  3 jellies (D:4)
  7 orc priests
  3 iguanas
  A sleepcap (D:6)
  2 orc wizards
  15 adders
  10 gnolls
  4 river rats
  A shadow imp (D:5)
  3 white imps
  3 ufetubi
  An adder zombie (Ossuary)
  8 worms
  2 dart slugs (D:2)
  30 orcs
  7 ball pythons
  5 endoplasms
  A giant cockroach (D:1)
  6 goblins
  6 hobgoblins
  9 jackals
  4 quokkas
  A ball python skeleton (Ossuary)
  9 bats
  2 frilled lizards (D:1)
  2 hobgoblin skeletons (Ossuary)
  3 hobgoblin zombies (Ossuary)
  14 kobolds
  A kobold zombie (Ossuary)
  An orc zombie (Ossuary)
  6 rats
229 creatures vanquished.

Vanquished Creatures (others)
  6 fungi (D:4)
6 creatures vanquished.

Grand Total: 235 creatures vanquished

Notes
Turn   | Place    | Note
-------+----------+-------------------------------------------
     0 | D:1      | Descartes the Vine Stalker Fighter began the quest for the
                  | Orb.
     0 | D:1      | Reached XP level 1. HP: 11/11 MP: 2/2
   239 | D:1      | Reached XP level 2. HP: 13/16 MP: 1/3
   264 | D:1      | Found a faded altar of an unknown god.
   492 | D:1      | Reached XP level 3. HP: 19/19 MP: 4/4
   961 | D:2      | Reached skill level 1 in Evocations
  1014 | D:2      | Reached skill level 1 in Spellcasting
  1726 | D:2      | Gained mutation: Your natural rate of healing is unusually
                  | fast. [Vine Stalker growth]
  1726 | D:2      | Reached XP level 4. HP: 10/24 MP: 4/6
  2095 | D:3      | Reached XP level 5. HP: 24/28 MP: 6/8
  2485 | D:4      | Reached XP level 6. HP: 23/32 MP: 6/10
  2679 | D:4      | Identified the +3 long sword of Duly {drain, *Rage Fly
                  | rPois rF+}
  2703 | D:4      | Noticed Grinder
  2714 | D:4      | Killed Grinder
  2715 | D:4      | Reached XP level 7. HP: 10/37 MP: 3/12
  3585 | D:5      | Entered Level 5 of the Dungeon
  3597 | D:5      | Gained mutation: You have razor-sharp teeth. [Vine Stalker
                  | growth]
  3597 | D:5      | Reached XP level 8. HP: 15/42 MP: 11/14
  3610 | D:5      | HP: 2/63 [worm (4)]
  3685 | D:5      | Found a glowing drain.
  3690 | Sewer    | Entered a sewer
  3746 | Sewer    | Reached skill level 1 in Long Blades
  3814 | Sewer    | Found a white marble altar of Elyvilon.
  3906 | D:5      | Noticed Prince Ribbit
  3923 | D:5      | Killed Prince Ribbit
  4171 | D:5      | Noticed Duvessa
  4173 | D:5      | Noticed Dowan
  4179 | D:5      | Killed Duvessa
  4183 | D:5      | Killed Dowan
  4184 | D:5      | Reached XP level 9. HP: 45/46 MP: 16/16
  4188 | D:5      | Found a shimmering altar of Xom.
  4290 | D:5      | Noticed Sigmund
  4306 | D:5      | Killed Sigmund
  4307 | D:5      | Reached skill level 5 in Fighting
  4307 | D:5      | Reached skill level 5 in Shields
  4707 | D:6      | Noticed Pikel
  4719 | D:6      | Killed Pikel
  4720 | D:6      | Reached skill level 5 in Armour
  4720 | D:6      | Reached skill level 5 in Spellcasting
  4813 | D:6      | Found a staircase to the Ecumenical Temple.
  4840 | Temple   | Entered the Ecumenical Temple
  4879 | Temple   | Became a worshipper of Gozag Ym Sagoz the Greedy
  5001 | D:6      | Reached skill level 5 in Evocations
  5003 | D:6      | Reached XP level 10. HP: 53/53 MP: 18/18
  5984 | D:7      | Found a sand-covered staircase.
  5989 | Ossuary  | Entered an ossuary
  6969 | D:8      | Found a glowing silver altar of Zin.
  7016 | D:8      | Found a sparkling altar of Nemelex Xobeh.
  7360 | D:9      | Noticed a cyclops
  7361 | D:9      | Noticed a white ugly thing
  7361 | D:9      | Noticed a centaur warrior
  7368 | D:9      | Killed a cyclops
  7369 | D:9      | Reached skill level 5 in Long Blades
  7374 | D:9      | Slain by a white ugly thing

Illustrated notes

Levels and vault maps discovered:
D:1:      dpeg_cavernosity, layout_loops_ring,
          shapermc_ecumenical_altar_starsandcircs
D:2:      layout_basic
D:3:      layout_rooms
D:4:      old_forge, layout_cave_pods, uniq_grinder
D:5:      layout_rooms, amcnicky_altar_gilded, lightli_sewer_entry_pipes,
          chequers_serial_rivers_micro_e, uniq_sigmund, uniq_duvessa,
          uniq_prince_ribbit1
D:6:      layout_basic, minmay_temple_entry_hall, minmay_joined_circles,
          uniq_pikel
D:7:      layout_loops_corners, enter_ossuary_5
D:8:      layout_cave_pools, kennysheep_mini, zin_statuary
D:9:      minmay_the_grid_octo_2x2 [minmay_the_grid_octo_fan_narrow,
          minmay_the_grid_octo_fat_diamond, minmay_the_grid_octo_teeth,
          minmay_the_grid_octo_prize_star], layout_layer_cave
Temple:   hellmonk_temple_of_storms

Skill      XL: |  1  2  3  4  5  6  7  8  9 10 |
---------------+-------------------------------+-----
Axes           | 2 3 |  3.3
Evocations     | 1 2 3 5 |  5.8
Spellcasting   | 1 2 3 4 5 6 |  6.0
Shields        | 3 4 5 6 |  6.7
Fighting       | 3 4 5 6 |  6.8
Armour         | 3 4 5 6 |  6.2
Long Blades    | 2 3 5 |  5.0

Action                     |  1- 3 |  4- 6 |  7- 9 | 10-12 || total
---------------------------+-------+-------+-------+-------++-------
  Melee: War axe           |    88 |   106 |    27 |       ||   221
         Bite              |    18 |    30 |    68 |    51 ||   167
         Long sword        |       |       |   216 |   173 ||   389
    Use: Potion            |       |     1 |     3 |       ||     4
         Scroll            |       |       |     2 |     8 ||    10
   Stab: Held in net/web   |       |       |     1 |       ||     1
         Sleeping          |       |       |       |     1 ||     1
 Armour: Scale mail        |    48 |    47 |   146 |    62 ||   303
  Dodge: Dodged            |    39 |    53 |   132 |    57 ||   281
  Block: Buckler           |    34 |    34 |   105 |    47 ||   220
         Tower shield      |       |       |       |    24 ||    24

Table legend: (Time is in decaauts)
 A = Elapsed time spent in this place.
 B = Non-inter-level travel time spent in this place.
 C = Inter-level travel time spent in this place.
 D = Time resting spent in this place.
 E = Time spent auto-exploring this place.
 F = Levels seen in this place.
 G = Mean time per level.
                   A        B        C        D        E       F      G
               +--------+--------+--------+--------+--------+-----+--------+
         Total |   7853 |   7510 |    343 |      2 |   5236 |  12 |  654.4 |
       Dungeon |   7216 |   6882 |    334 |      2 |   4880 |   9 |  801.8 |
        Temple |     56 |     47 |      9 |      0 |     20 |   1 |   56.0 |
         Sewer |    172 |    172 |      0 |      0 |     80 |   1 |  172.0 |
       Ossuary |    408 |    408 |      0 |      0 |    255 |   1 |  408.0 |
               +--------+--------+--------+--------+--------+-----+--------+

Top non-repeatable levels by time:
     D:4: 1252 daAuts
     D:6: 1174 daAuts
     D:1: 946 daAuts
     D:2: 939 daAuts
     D:7: 873 daAuts
     D:5: 734 daAuts
     D:8: 693 daAuts
     D:3: 562 daAuts
 Ossuary: 408 daAuts
   Sewer: 172 daAuts
  Temple: 56 daAuts
     D:9: 38 daAuts
